 Dungeon Crawl Stone Soup version 0.25-a0-781-gc44aebf4fe (webtiles) character file.

Game seed: 4856319800805390639, levelgen mode: deterministic

40254 htime the Spear-Bearer (level 13, -2/125 HPs)
             Began as a Minotaur Berserker on Apr 16, 2020.
             Was a High Priest of Trog.
             Killed from afar by an acid blob (5 damage)
             ... with a splash of acid
             ... on level 1 of the Pits of Slime.
             The game lasted 01:29:02 (18073 turns).

htime the Spear-Bearer (Minotaur Berserker)        Turns: 18073, Time: 01:29:03

Health: -2/125     AC: 13    Str: 30    XL:     13   Next: 73%
Magic:  0/21       EV: 18    Int:  4    God:    Trog [*****.]
Gold:   1012       SH:  0    Dex: 18    Spells: 12/12 levels left

rFire    . . .     SeeInvis .   D - +2 bardiche of Ogory {flame, *Noise Str+2 Dex+3}
rCold    . . .     Gourm    .   (shield currently unavailable)
rNeg     + . .     Faith    .   m - +3 chain mail of Impatience {MR+ MP+9 Dex+3 Slay+2}
rPois    .         Spirit   +   (helmet restricted)
rElec    .         Reflect  .   h - +1 cloak
rCorr    .         Harm     .   T - +1 pair of gloves {Str+3}
MR       +....                  (no boots)
Stlth    ..........             Y - amulet of guardian spirit
HPRegen  0.30/turn              d - ring of positive energy
MPRegen  0.17/turn              L - +1 ring of slaying

@: corroded, berserk cooldown, slowed, very slow
A: retaliatory headbutt, horns 2
a: Berserk, Trog's Hand, Brothers in Arms, Renounce Religion


You were on level 1 of the Pits of Slime.
You worshipped Trog.
Trog was extremely pleased with you.
You were very hungry.

You visited 3 branches of the dungeon, and saw 16 of its levels.

You collected 1012 gold pieces.

Inventory:

Hand Weapons
 b - the +10 dagger of Vanity {drain, rPois Str-5 Dex+4}
   (You found it on level 4 of the Lair of Beasts)

   A truly terrible weapon, it drains the life of those it strikes.
   It affects your strength (-5).
   It affects your dexterity (+4).
   It protects you from poison.
 i - a +4 trident of protection
 w - the cursed +0 morningstar of Offuolah {holy, rC+ rN+ Int+4}
   (You found it on level 6 of the Lair of Beasts)

   It has been blessed by the Shining One to cause great damage to the undead
   and demons.
   It affects your intelligence (+4).
   It protects you from cold.
   It protects you from negative energy.
   It has a curse placed upon it.
 A - a +4 great sword of flaming
 D - the +2 bardiche of Ogory (weapon) {flame, *Noise Str+2 Dex+3}
   (Trog gifted it to you on level 6 of the Lair of Beasts)

   It has been specially enchanted to burn those struck by it, causing extra
   injury to most foes and up to half again as much damage against particularly
   susceptible opponents.
   Big, fiery blades are also staple armaments of hydra-hunters.
   It affects your strength (+2).
   It affects your dexterity (+3).
   It may make noises in combat.
 Q - a +3 glaive
 V - a +3 vorpal halberd
 Z - a +3 glaive
Missiles
 g - 60 poisoned darts (quivered)
 o - 280 arrows
 X - 3 boomerangs of dispersal
Armour
 h - a +1 cloak (worn)
 m - the +3 chain mail of Impatience (worn) {MR+ MP+9 Dex+3 Slay+2}
   (You found it on level 4 of the Lair of Beasts)

   It affects your dexterity (+3).
   It affects your accuracy and damage with ranged weapons and melee attacks
   (+2).
   It affects your resistance to hostile enchantments.
   It affects your magic capacity (+9).
 E - a +2 chain mail of fire resistance
 T - a +1 pair of gloves of strength (worn)
Jewellery
 d - a ring of positive energy (left hand)
 t - an uncursed ring of resist corrosion
 B - an uncursed ring of flight
 L - a +1 ring of slaying (right hand)
 O - an uncursed amulet of faith
 Y - an amulet of guardian spirit (around neck)
Wands
 z - a wand of disintegration (64)
 P - a wand of flame (61)
 S - a wand of polymorph (8)
 W - a wand of random effects (18)
Scrolls
 a - a scroll of amnesia {unknown}
 p - 6 scrolls of teleportation {unknown}
 q - 2 scrolls of identify
 u - a scroll of enchant armour {unknown}
 x - 6 scrolls of remove curse
 y - 3 scrolls of enchant weapon {unknown}
 F - 2 scrolls of blinking {unknown}
 H - a scroll of torment {unknown}
 J - a scroll of random uselessness {unknown}
 K - 2 scrolls of fear
 M - 3 scrolls of fog
 R - 2 scrolls of immolation {unknown}
 U - a scroll of silence {unknown}
Potions
 e - 2 potions of lignification {unknown}
 f - 2 potions of might
 j - 2 potions of heal wounds {unknown}
 k - a potion of berserk rage {unknown}
 l - 2 potions of mutation {unknown}
 n - a potion of flight {unknown}
 r - 4 potions of haste {unknown}
 s - 2 potions of stabbing {unknown}
 v - 4 potions of curing
 C - a potion of invisibility {unknown}
 G - a potion of degeneration {unknown}
 N - 2 potions of brilliance {unknown}
Comestibles
 c - 33 rations


   Skills:
 + Level 14.3 Fighting
 + Level 14.3 Polearms
 + Level 14.0 Armour
 + Level 13.1 Dodging


You had 12 spell levels left.
You didn't know any spells.
Your spell library contained the following spells:

 Spells                   Type           Power        Failure   Level  Hunger
 Magic Dart               Conj           #...         88%         1    ##.....
 Sting                    Tmut/Pois      #...         88%         1    ##.....
 Poisonous Vapours        Pois/Air       #.....       96%         2    ###....
 Searing Ray              Conj           #.....       96%         2    ###....
 Dazzling Flash           Conj/Hex       #.....       99%         3    ####...
 Ignite Poison            Fire/Tmut/Pois #.......     99%         3    ####...
 Mephitic Cloud           Conj/Pois/Air  #.......     99%         3    ####...
 Fulminant Prism          Conj/Hex       #.........   100%        4    #####..
 Iskenderun's Mystic Bla  Conj/Tloc      #.......     100%        4    #####..
 Olgreb's Toxic Radiance  Pois           #.......     100%        4    #####..


Dungeon Overview and Level Annotations

Branches:
Dungeon (8/15)             Temple (0/1) D:6            Lair (6/6) D:8
 Shoals (0/4) Lair:4        Snake (0/4) Lair:2        Slime (2/5) Lair:6

Altars:
Cheibriados
Elyvilon
Gozag
Okawaru
Qazlal
Vehumet
Xom
Yredelemnul

Annotations:
Lair:6 exclusion: 2 oklob plants


Innate Abilities, Weirdness & Mutations

You reflexively headbutt those who attack you in melee.
You have a pair of horns on your head.


Message History

You are splashed with acid.
* * * LOW HITPOINT WARNING * * *
The slime creature hits you!
* * * LOW HITPOINT WARNING * * *
The slime creature hits you!
* * * LOW HITPOINT WARNING * * *
The slime creature hits you.
* * * LOW HITPOINT WARNING * * *
The slime creature barely misses you.
You are no longer berserk.
You are exhausted.
You feel yourself slow down.
Two slime creatures merge to form a large slime creature.
Two slime creatures merge to form a very large slime creature.
The slime creature misses you.
It was a potion of curing.
You feel better. The slime creature hits you!
* * * LOW HITPOINT WARNING * * *
The acid blob spits acid at you. The splash of acid hits you.
You die...

##...........#.##....##
####.#................#
##.#.##.........##.#...#
#.....##..........#.#.##
#.#...................#
##...............#.....
##...............##..#
##.....JJ.......## #
##.....J@...#....#
#......J........##
...................##
.#....#.##.......###
##.#.###....#.### #...
###.....##
....##........## #..#
#..........# ...
##......##.##


You could see an acid blob, a very large slime creature and 2 slime creatures.

Vanquished Creatures
  Erica (D:8)
  5 elephants
  An ice statue (Lair:6)
  3 black mambas
  16 spiny frogs
  2 rime drakes (Lair:6)
  A komodo dragon (Lair:3)
  A freezing wraith (Lair:6)
  A queen bee (D:8)
  Grinder (D:6)
  12 polar bears
  9 slime creatures
  5 hornets (Lair:6)
  27 blink frogs
  A snapping turtle (Lair:4)
  5 hippogriffs
  Sigmund (D:6)
  12 spriggans (Lair:6)
  A wyvern (Lair:6)
  Eustachio (D:6)
  4 basilisks
  A hungry ghost (D:7)
  27 yaks
  The ghost of omer1ben the Firebug, an amateur DrFE (D:3)
  15 water moccasins
  10 porcupines
  4 black bears
  9 ice beasts
  A sky beast (D:6)
  2 ogres
  4 boggarts (Lair:6)
  5 phantoms
  34 wolves
  6 centaurs
  14 crocodiles
  Blork the orc (D:6)
  10 bullfrogs
  A water moccasin skeleton (D:5)
  A scorpion (D:8)
  13 killer bees (D:8)
  7 crimson imps
  2 bullfrog zombies
  2 quasits
  4 orc priests
  4 hounds
  A jelly (D:8)
  6 orc wizards
  A bullfrog skeleton (D:6)
  A gnoll shaman (D:8)
  A centaur skeleton (D:4)
  3 iguanas
  6 worker ants
  A killer bee zombie (D:5)
  A hound zombie (D:7)
  A worker ant zombie (D:6)
  13 adders
  9 gnolls
  A howler monkey skeleton (D:6)
  2 white imps (Lair:6)
  2 oozes (D:1)
  2 worms
  A dart slug (D:1)
  7 leopard geckos
  30 orcs
  3 ball pythons
  2 giant cockroaches (D:2)
  12 goblins
  11 hobgoblins
  9 jackals
  4 quokkas
  15 bats
  10 frilled lizards
  9 kobolds
  A leopard gecko skeleton (D:7)
  A leopard gecko zombie (D:8)
  2 quokka skeletons
  9 rats
  A bush (Lair:4)
  4 fungi
  7 plants
477 creatures vanquished.

Vanquished Creatures (others)
  20 fungi
  16 plants
36 creatures vanquished.

Grand Total: 513 creatures vanquished

Notes
Turn   | Place    | Note
-------+----------+-------------------------------------------
     0 | D:1      | htime the Minotaur Berserker began the quest for the Orb.
     0 | D:1      | Reached XP level 1. HP: 19/19 MP: 0/0
   235 | D:1      | Reached XP level 2. HP: 27/27 MP: 1/1
   952 | D:1      | Reached XP level 3. HP: 32/33 MP: 2/2
  1409 | D:2      | Reached ** piety under Trog
  1702 | D:2      | Reached XP level 4. HP: 35/41 MP: 3/3
  2250 | D:3      | Reached XP level 5. HP: 33/47 MP: 4/4
  2411 | D:3      | Found a runed translucent gate.
  2412 | D:3      | Found a runed translucent gate.
  2413 | D:3      | Found a runed translucent gate.
  2415 | D:3      | Noticed omer1ben's ghost (amateur DrFE)
  2437 | D:3      | Killed omer1ben's ghost
  2437 | D:3      | Reached skill level 5 in Fighting
  2437 | D:3      | Reached skill level 5 in Polearms
  2437 | D:3      | Reached XP level 6. HP: 56/56 MP: 5/5
  2688 | D:3      | Found an iron altar of Okawaru.
  2971 | D:3      | Found a white marble altar of Elyvilon.
  3637 | D:4      | Reached *** piety under Trog
  3893 | D:5      | Entered Level 5 of the Dungeon
  4003 | D:5      | Reached skill level 5 in Armour
  4003 | D:5      | Reached XP level 7. HP: 61/62 MP: 6/6
  4217 | D:5      | Got a faintly humming robe
  4218 | D:5      | Identified the +2 robe of the Villain {rN+ MR+ Str-5 Dex+2}
                  | (You found it on level 5 of the Dungeon)
  4277 | D:5      | Reached skill level 5 in Dodging
  4454 | D:5      | Reached XP level 8. HP: 71/71 MP: 7/7
  4672 | D:6      | Noticed Sigmund
  4688 | D:6      | Killed Sigmund
  4828 | D:6      | Noticed Grinder
  4836 | D:6      | Killed Grinder
  5068 | D:6      | Found an opulent altar of Gozag.
  5130 | D:6      | Noticed Eustachio
  5163 | D:6      | Killed Eustachio
  5163 | D:6      | Reached **** piety under Trog
  5163 | D:6      | Reached XP level 9. HP: 67/81 MP: 8/8
  5394 | D:6      | Found a staircase to the Ecumenical Temple.
  5601 | D:6      | Noticed Blork the orc
  5612 | D:6      | Killed Blork the orc
  6157 | D:7      | Found a radiant altar of Vehumet.
  6161 | D:7      | Found a shimmering altar of Xom.
  6163 | D:7      | Found a stormy altar of Qazlal.
  6164 | D:7      | Found a basalt altar of Yredelemnul.
  6804 | D:8      | Reached ***** piety under Trog
  6804 | D:8      | Received a gift from Trog
  6821 | D:8      | Reached XP level 10. HP: 91/91 MP: 9/9
  7005 | D:8      | Reached skill level 10 in Fighting
  7008 | D:8      | Reached skill level 10 in Polearms
  7330 | D:8      | Found a staircase to the Lair.
  7382 | D:8      | Noticed Erica
  7401 | D:8      | Killed Erica
  7401 | D:8      | Reached skill level 10 in Armour
  8224 | Lair:1   | Entered Level 1 of the Lair of Beasts
  8271 | Lair:1   | Noticed a spiny frog
  8280 | Lair:1   | Killed a spiny frog
  8280 | Lair:1   | Reached XP level 11. HP: 79/101 MP: 10/10
  9061 | Lair:1   | Found a snail-covered altar of Cheibriados.
  9237 | Lair:2   | Received a gift from Trog
  9698 | Lair:2   | Reached skill level 10 in Dodging
 10748 | Lair:2   | Found a staircase to the Snake Pit.
 11644 | Lair:3   | Found a stormy altar of Qazlal.
 12497 | Lair:3   | Reached XP level 12. HP: 79/112 MP: 7/11
 13302 | Lair:4   | Got a bloodstained dagger
 13303 | Lair:4   | Identified the +10 dagger of Vanity {drain, rPois Str-5
                  | Dex+4} (You found it on level 4 of the Lair of Beasts)
 13379 | Lair:4   | Got a fine chain mail
 13390 | Lair:4   | Identified the +3 chain mail of Impatience {MR+ MP+9 Dex+3
                  | Slay+2} (You found it on level 4 of the Lair of Beasts)
 13805 | Lair:4   | Found a staircase to the Shoals.
 14796 | Lair:6   | Entered Level 6 of the Lair of Beasts
 14975 | Lair:6   | Found a gate leading to a gauntlet.
 15043 | Lair:6   | Received a gift from Trog
 15046 | Lair:6   | Got a translucent bardiche {god gift}
 15283 | Lair:6   | Identified the +2 bardiche of Ogory {flame, *Noise Str+2
                  | Dex+3} (Trog gifted it to you on level 6 of the Lair of
                  | Beasts)
 15495 | Lair:6   | Reached XP level 13. HP: 98/122 MP: 12/12
 16440 | Lair:6   | Got a pitted morningstar
 16441 | Lair:6   | Identified the cursed +0 morningstar of Offuolah {holy, rC+
                  | rN+ Int+4} (You found it on level 6 of the Lair of Beasts)
 16592 | Lair:6   | Received a gift from Trog
 17214 | Lair:6   | Received a gift from Trog
 17383 | Lair:6   | Found a staircase to the Slime Pits.
 17799 | Slime:1  | Entered Level 1 of the Pits of Slime
 18057 | Slime:2  | Noticed an acid blob
 18067 | Slime:2  | Noticed an acid blob
 18067 | Slime:2  | Noticed an acid blob
 18071 | Slime:1  | HP: 7/187 [slime creature (9)]
 18071 | Slime:1  | HP: 2/187 [slime creature (5)]
 18073 | Slime:1  | Killed from afar by an acid blob

Levels and vault maps discovered:
D:1:      evilmike_arrival_hilbert_curve, layout_basic
D:2:      layout_rooms, roderic_lattice_a
D:3:      cheibrodos_old_hovel, layout_basic, okawaru_metal_pillars_1_2,
          serial_curves, eino_curves_02, eino_curves_04,
          ebering_ghost_rock_garden, elyvilon_altar_5
D:4:      layout_cave_pools
D:5:      layout_rooms, first_ration
D:6:      layout_basic, minmay_temple_entry_drinking_statues, basic_altar,
          uniq_grinder, uniq_blork_the_orc, uniq_sigmund, uniq_eustachio
D:7:      layout_cave_pools, minitemple
D:8:      layout_layer_cave, minmay_lair_entry_grove, david_nohive_1,
          nicolae_wwwww, uniq_erica
Lair:1:   layout_small_grid, basic_altar, grunt_forest_stairs_basic,
          grunt_megastairs_5
Lair:2:   layout_cave_pods, dummy_snake_entry, lemuel_old_faithful
Lair:3:   layout_chaotic_city, basic_altar, serial_bayou_pond_c,
          cheibrodos_lair_lostbears
Lair:4:   layout_misc_corridors, minmay_shoals_entry_hut, minmay_hedge_maze,
          lemuel_fruit_tree, serial_bayou_shore_b, grunt_megastairs_2,
          lemuel_fruit_fields, lemuel_fruit_fields
Lair:5:   layout_hall_layers
Lair:6:   minmay_lair_end_enchanted_forest, layout_regular_city,
          dpeg_slime_entry_corner, gauntlet_entry_generic, ice2_lemuel,
          minmay_lair_oklob_chamber
Slime:1:  layout_caves
Slime:2:  layout_caves

Skill      XL: |  1  2  3  4  5  6  7  8  9 10 11 12 13 |
---------------+----------------------------------------+-----
Fighting       | 4 5 6 8 9 10 12 13 14 | 14.3
Polearms       | 4 5 6 8 9 10 12 13 14 | 14.3
Armour         | 3 4 5 6 7 8 10 11 13 14 | 14.0
Dodging        | 3 4 5 6 8 9 10 12 13 | 13.1

Action                   |  1- 3 |  4- 6 |  7- 9 | 10-12 | 13-15 || total
-------------------------+-------+-------+-------+-------+-------++-------
Melee: Spear             |   112 |   145 |       |       |       ||   257
       Headbutt          |    16 |    32 |    58 |   134 |    55 ||   295
       Trident           |       |    35 |   324 |     6 |       ||   365
       Glaive            |       |       |       |   214 |       ||   214
       Halberd           |       |       |       |   287 |       ||   287
       Bardiche          |       |       |       |    38 |   210 ||   248
Invok: Berserk           |     2 |     1 |     2 |     7 |     3 ||    15
       Trog's Hand       |       |       |       |     1 |       ||     1
 Abil: Stop Flying       |       |       |       |       |     2 ||     2
       Evoke Flight      |       |       |       |       |     2 ||     2
  Use: Scroll            |       |     3 |     1 |     6 |     3 ||    13
       Potion            |       |       |       |     1 |     1 ||     2
  Eat: Chunk             |     5 |     4 |     8 |    18 |     4 ||    39
       Ration            |       |     1 |     1 |     5 |     2 ||     9
Armor: Animal skin       |    10 |       |       |       |       ||    10
       Chain mail        |     6 |    78 |       |    50 |   113 ||   247
       Ring mail         |     3 |       |       |       |       ||     3
       Plate armour      |       |       |   208 |   216 |       ||   424
Dodge: Dodged            |    79 |   113 |   228 |   397 |   266 ||  1083

Table legend:
 A = Non-vault XP
 B = Vault XP
 C = Vault XP percentage of total XP
 D = Non-vault monster count
 E = Vault monster count
 F = Vault count percentage of total count
                 A         B        C        D         E       F
            +---------+---------+-------+---------+---------+-------
      Total |   38640 |   18867 |  32.8 |     359 |     106 |  22.8
            +---------+---------+-------+---------+---------+-------
        D:1 |      61 |       0 |   0.0 |      30 |       0 |   0.0
        D:2 |      78 |       0 |   0.0 |      32 |       0 |   0.0
        D:3 |     117 |     177 |  60.2 |      23 |       2 |   8.0
        D:4 |     252 |       0 |   0.0 |      15 |       0 |   0.0
        D:5 |    1019 |       0 |   0.0 |      33 |       0 |   0.0
        D:6 |     993 |     814 |  45.0 |      21 |       4 |  16.0
        D:7 |     784 |       0 |   0.0 |      32 |       0 |   0.0
        D:8 |    2091 |    3981 |  65.6 |      30 |      27 |  47.4
     Lair:1 |    1376 |     470 |  25.5 |       9 |       4 |  30.8
     Lair:2 |    3207 |       0 |   0.0 |      15 |       0 |   0.0
     Lair:3 |    5519 |    1206 |  17.9 |      23 |       4 |  14.8
     Lair:4 |    1852 |     828 |  30.9 |      11 |       3 |  21.4
     Lair:5 |    5063 |       0 |   0.0 |      17 |       0 |   0.0
     Lair:6 |   13596 |   11391 |  45.6 |      59 |      62 |  51.2
    Slime:1 |    1899 |       0 |   0.0 |       7 |       0 |   0.0
    Slime:2 |     733 |       0 |   0.0 |       2 |       0 |   0.0
            +---------+---------+-------+---------+---------+-------
